 Dungeon Crawl Stone Soup version 0.29-a0-973-gac7da5f7f0 (webtiles) character file.

Game seed: 16029159140853738797

4 gelatine the Magician (level 1, 0/15 HPs)
             Began as a Djinni Ice Elementalist on July 31, 2022.
             Slain by a hobgoblin (2 damage)
             ... on level 1 of the Dungeon.
             The game lasted 00:00:22 (189 turns).

gelatine the Magician (Djinni Ice Elementalist)      Turns: 189, Time: 00:00:23

Health: 0/15       AC:  2    Str:  7    XL:     1   Next: 66%
Gold:   0          EV: 12    Int: 16    God:
                   SH:  0    Dex: 13

rFire   + + .      SeeInvis .   (no weapon)
rCold   x . .      Faith    .   (no shield)
rNeg    . . .      Spirit   .   a - +0 robe
rPois   ∞          Reflect  .   (no helmet)
rElec   .          Harm     .   (no cloak)
rCorr   .          Rampage  .   (no gloves)
Will    .....                   (boots unavailable)
Stlth   ++........              (no amulet)
HPRegen 0.05/turn               (no ring)
MPRegen 0.00/turn               (no ring)

@: flying
A: sickness immunity, fire resistance 2, cold vulnerability 1, float, innate
caster, HP casting, extra vitality 1
a: no special abilities


You were on level 1 of the Dungeon.
You visited 1 branch of the dungeon, and saw 1 of its levels.

Inventory:

Armour
 a - a +0 robe (worn)
Potions
 b - a potion of attraction {unknown}


   Skills:
 + Level 2.2 Dodging
 + Level 1.5 Stealth
 + Level 3.4 Spellcasting


You couldn't memorise any spells.
You knew the following spells:

 Your Spells              Type           Power      Damage    Failure   Level
a - Freeze                Ice            52%        1d7       4%          1
b - Frozen Ramparts       Ice            26%        1d4       13%         3
c - Ozocubu's Armour      Ice            13%        N/A       13%         3
d - Hailstorm             Conj/Ice       13%        3d5       41%         4
Your spell library was empty.

Dungeon Overview and Level Annotations

Branches:
Dungeon (1/15)

Altars:


Innate Abilities, Weirdness & Mutations

You are immune to sickness and miasma.
You are immune to poison.
Your flesh is very heat resistant. (rF++)
You are vulnerable to cold. (rC-)
You float through the air rather than walking.
You learn spells naturally, not from books.
Your magical power is your life essence.
You have superior vitality. (+4 MHP)


Message History

The dart slug barely misses you.
You freeze the dart slug.
The dart slug is severely wounded.
The dart slug misses you.
You freeze the dart slug.
You kill the dart slug!
HP restored.
Found a hand axe.
Found a stone staircase leading down.
b - a cyan potion A bat comes into view.
Found 9 gold pieces.
You see here a viscous red potion.
A bat is nearby!
You can't see any susceptible monsters within range! (Use Z to cast anyway.)
You freeze the bat!
You kill the bat!
You can't see any susceptible monsters within range! (Use Z to cast anyway.)
A quokka comes into view.
You see here 3 gold pieces.
A quokka is nearby!
A hobgoblin comes into view.
The hobgoblin shouts!
A kobold comes into view. It is wielding a +0 club.
You freeze the quokka.
The quokka is moderately wounded.
The kobold shouts!
The quokka bites you but does no damage.
The quokka bites you.
You freeze the quokka.
The quokka is heavily wounded.
The quokka bites you. The hobgoblin hits you.
* * * LOW HITPOINT WARNING * * *
You are too injured to fight recklessly!
You are too injured to fight recklessly!
You are too injured to fight recklessly!
The quokka attacks as you move away! The quokka barely misses you.
The quokka attacks as you move away! The quokka misses you.
The hobgoblin attacks as you move away! The hobgoblin hits you.
You die...

######## #......#
#......#########
#..............#
#..............#
#.$.$.@r.......# ###
###...#g..K..... ..#
#...#.........
..###########...########..
....................... .
...............!.......
..####...##############
### #...# ######......


You could see a quokka, a hobgoblin and a kobold.

Vanquished Creatures
  A dart slug (D:1)
  A bat (D:1)
2 creatures vanquished.

Notes
Turn   | Place    | Note
-------+----------+-------------------------------------------
     0 | D:1      | gelatine the Djinni Ice Elementalist began the quest for
                  | the Orb.
     0 | D:1      | gelatine set off with the following spells memorised:
                  | Freeze, Frozen Ramparts, Ozocubu's Armour, Hailstorm.
     0 | D:1      | Reached XP level 1. HP: 15/15 MP: 0/0
   189 | D:1      | Slain by a hobgoblin

Illustrated notes

Levels and vault maps discovered:
D:1:      wander_arrival_peaceful_grave, layout_basic,
          hellmonk_ecumenical_altar_defaced_shrine

Action                   || total
-------------------------++-------
 Cast: Freeze            ||     7
Armor: Robe              ||     2
Dodge: Dodged            ||     5

Table legend: (Time is in decaauts)
 A = Elapsed time spent in this place.
 B = Non-inter-level travel time spent in this place.
 C = Inter-level travel time spent in this place.
 D = Time resting spent in this place.
 E = Time spent auto-exploring this place.
 F = Levels seen in this place.
 G = Mean time per level.
                   A        B        C        D        E       F      G
               +--------+--------+--------+--------+--------+-----+--------+
         Total |    189 |    189 |      0 |      0 |    161 |   1 |  189.0 |
       Dungeon |    189 |    189 |      0 |      0 |    161 |   1 |  189.0 |
               +--------+--------+--------+--------+--------+-----+--------+

Top non-repeatable levels by time:
     D:1: 189 daAuts
